 Dungeon Crawl Stone Soup version 0.30.0-15-g856e2d3f33 (webtiles) character file.

Game seed: 17168377592156138241

20826 qw the Cleaver (level 12, -1/78 HPs)
             Began as a Gargoyle Fighter on May 21, 2023.
             Was a Priest of Okawaru.
             Slain by a four-headed hydra (9 damage)
             ... on level 3 of the Lair of Beasts.
             The game lasted 00:06:46 (12696 turns).

qw the Cleaver (Gargoyle Fighter)                  Turns: 12696, Time: 00:06:47

Health: -1/78      AC: 34    Str: 25    XL:     12   Next: 83%
Magic:  14/16      EV: 14    Int:  9    God:    Okawaru [***...]
Gold:   504        SH:  8    Dex:  9    Spells: 11/11 levels left

rFire   . . .        u - +0 morningstar
rCold   . . .        l - +2 buckler
rNeg    + . .        n - +0 plate armour
rPois   inf          g - +2 hat
rElec   +            m - +2 cloak
rCorr   .            t - +2 pair of gloves
SInv    .            (no boots)
Will    .....        (no amulet) Stlth
                     s - +5 ring of evasion
HPRegen 0.33/turn    (no ring)
MPRegen 0.15/turn

%: no passive effects
@: heroic
A: sickness immunity, AC +8, negative energy resistance 1, electricity
resistance, torment resistance 1, petrification resistance
a: Renounce Religion, Heroism


You were on level 3 of the Lair of Beasts.
You worshipped Okawaru.
Okawaru was most pleased with you.
You visited 3 branches of the dungeon, and saw 12 of its levels.
You also visited: Ossuary.

You collected 932 gold pieces.
You spent 428 gold pieces at shops.


Innate Abilities, Weirdness & Mutations

You are immune to sickness and miasma.
Your stone body is resilient. (AC +8)
You are immune to poison.
You resist negative energy. (rN+)
You are resistant to electric shocks. (rElec)
You are resistant to unholy torment.
You are immune to petrification.


   Skills:
 - Level 10.4(15.4) Fighting
 - Level 14.0(19.0) Axes
 + Level 2.5(7.5) Throwing
 - Level 9.0(14.0) Armour
 - Level 2.4(7.4) Dodging
 - Level 6.7(11.7) Shields
 + Level 5.5 Invocations


You had 11 spell levels left.
You didn't know any spells.
Your spell library was empty.

Inventory:

Hand Weapons
 u - a +0 morningstar (weapon)
 Y - a +0 broad axe
Missiles
 i - 3 silver boomerangs (quivered)
 o - 3 boomerangs
Armour
 g - a +2 hat (worn)
 l - a +2 buckler (worn)
 m - a +2 cloak (worn)
 n - a +0 plate armour (worn)
 t - a +2 pair of gloves (worn)
Jewellery
 s - a +5 ring of evasion (left hand)
Wands
 j - a wand of digging (10)
Scrolls
 b - 9 scrolls of identify
 q - 2 scrolls of teleportation
Potions
 a - a potion of cancellation
 c - 2 potions of mutation
 d - a potion of might
 e - 6 potions of attraction
 f - 2 potions of heal wounds
 h - 3 potions of resistance
 k - 6 potions of curing
 p - 4 potions of lignification

Dungeon Overview and Level Annotations

Branches:
Dungeon (8/15)             Temple (1/1) D:7            Lair (3/5) D:8
Ossuary (visited)
  Swamp: Lair:2-3    Shoals: Lair:2-3     Snake: Lair:2-3    Spider: Lair:2-3

Altars:
Ashenzari
Cheibriados
Dithmenos
Elyvilon
Fedhas
Gozag
Hepliaklqana
Kikubaaqudgha
Makhleb
Nemelex Xobeh
Okawaru
Qazlal
Ru
Sif Muna
Trog
Uskayaw
Vehumet
Wu Jian
Xom
Yredelemnul
Zin
The Shining One

Shops:
D:4 [   D:6 *   D:8 *


Message History

You block the four-headed hydra's attack.
The four-headed hydra bites you.
The four-headed hydra closely misses you.
You block the four-headed hydra's attack.
You sock the tyrant leech!
You kill the tyrant leech!
Okawaru accepts your kill.
You hit the four-headed hydra.
The four-headed hydra is lightly wounded.
The four-headed hydra barely misses you.
The four-headed hydra bites you but does no damage.
You block the four-headed hydra's attack.
The four-headed hydra completely misses you.
The four-headed hydra bites you but does no damage. x2
The four-headed hydra bites you! The four-headed hydra misses you.
You hit the four-headed hydra.
The four-headed hydra is lightly wounded.
You feel like a meek peon again.
The four-headed hydra bites you but does no damage. x2
You block the four-headed hydra's attack.
The four-headed hydra misses you.
12695 ||| INVOKING Heroism.
You gain the combat prowess of a mighty hero.
You can no longer speed up your combat.
The four-headed hydra bites you but does no damage.
You block the four-headed hydra's attack.
The four-headed hydra bites you but does no damage.
The four-headed hydra barely misses you.
The four-headed hydra bites you but does no damage.
You block the four-headed hydra's attack.
The four-headed hydra closely misses you.
The four-headed hydra bites you but does no damage.
You puncture the four-headed hydra!
The four-headed hydra is lightly wounded.
The four-headed hydra bites you. The four-headed hydra bites you!
The four-headed hydra bites you but does no damage.
The four-headed hydra barely misses you.
You block the four-headed hydra's attack.
The four-headed hydra bites you!
You die... #........# ##...# ##......77 .¤77 #....### # ######.77 ¤¤¤77 ###....# # .#.##.#7 77¤¤¤7

#...##### .....#7 ¤¤~¤77##
#....#.#. .....# ¤~~~7.##
##........ .....#
~..7..###......##. ....<##7
77DD77...........## .###...7
7.@77............#. ## #...7
7777¤¤777.......##...# ##
##..77777..¤¤¤77........####.. .#
#.#..77...7777.........# #..
#######.77...~~~~77........####..
!..# #7.77~~~~~~~77........##.#.
..## ##.77~~~~~~~~7...........#..
..####.77...~~~~~~7...#####......
...#.#..77..7777777..## ##.....


You could see 2 four-headed hydras.

Vanquished Creatures
  A catoblepas (Lair:1)
  A death yak (Lair:3)
  4 elephants
  3 black mambas
  7 cane toads
  5 rime drakes
  3 komodo dragons
  A queen bee (Lair:3)
  2 hornets (D:8)
  A tyrant leech (Lair:3)
  3 meliai (Lair:3)
  2 polar bears (Lair:1)
  5 dream sheep (Lair:3)
  6 blink frogs (Lair:3)
  3 wyverns
  7 yaks
  Eustachio (D:4)
  6 basilisks
  Grum (Lair:1)
  A swamp worm (Lair:3)
  11 water moccasins
  A sky beast (D:7)
  An ice beast (D:7)
  3 black bears
  10 wolves
  2 phantoms
  A centaur (D:5)
  A kobold brigand (D:8)
  11 bullfrogs
  A gnoll sergeant (D:6)
  5 scorpions
  33 killer bees
  2 electric eels (D:7)
  2 howler monkeys
  4 orc priests
  A gnoll bouda (D:7)
  4 hounds
  2 jellies
  A sleepcap (D:7)
  Jessica (D:3)
  7 hell rats (Lair:1)
  Terence (D:3)
  6 iguanas
  8 orc wizards
  8 mummies (Ossuary)
  14 gnolls
  12 adders
  2 white imps
  3 ufetubi
  2 worms
  A dart slug (D:3)
  23 orcs
  6 ball pythons
  9 endoplasms
  4 giant cockroaches
  6 goblins
  2 hobgoblins
  5 jackals (D:4)
  A quokka (D:3)
  5 bats
  4 frilled lizards
  A gnoll zombie (Ossuary)
  A goblin zombie (D:7)
  A hobgoblin zombie (Ossuary)
  11 kobolds
  4 kobold zombies (Ossuary)
  2 orc zombies (Ossuary)
  3 rats
  A rat zombie (D:7)
313 creatures vanquished.

Notes
Turn   | Place    | Note
-------+----------+-------------------------------------------
     0 | D:1      | qw the Gargoyle Fighter began the quest for the Orb.
     0 | D:1      | Reached XP level 1. HP: 14/14 MP: 1/1
     0 | D:1      | 0 ||| qw: Version: 0.2-a-98-g16b38d9
     0 | D:1      | 0 ||| qw: Game counter: 24
     0 | D:1      | 0 ||| qw: Always use a shield: true
     0 | D:1      | 0 ||| qw: God list: Okawaru
     0 | D:1      | 0 ||| qw: Allow faded altars: false
     0 | D:1      | 0 ||| qw: Do Orc after D:15 true
     0 | D:1      | 0 ||| qw: Do second Lair branch before Depths: true
     0 | D:1      | 0 ||| qw: Lair rune preference: random
     0 | D:1      | 0 ||| qw: Plans: Normal, Zot:1-4, God:TSO, Crypt, Tomb,
                  | Pan, Slime:5, Hells, Abyss, Win
     0 | D:1      | 0 ||| PLANNING D:1-11
    23 | D:1      | Found a faded altar of an unknown god.
    45 | D:1      | 45 ||| Stepping ~*~*~tactically~*~*~ (hiding).
    52 | D:1      | Reached skill level 2 in Axes
   318 | D:1      | Reached XP level 2. HP: 19/19 MP: 2/2
   696 | D:1      | Reached skill level 3 in Axes
   880 | D:1      | 880 ||| READING scroll labelled CULOFF WEHU.
   881 | D:1      | 881 ||| READING scroll labelled WIUJ LUEMITURGH.
   882 | D:1      | 882 ||| READING scroll labelled KIWASHR GUCURCH.
   885 | D:1      | 885 ||| READING scroll labelled TAAMOD OTHU.
   886 | D:1      | 886 ||| READING scroll labelled LATAIR RIRUPP.
   887 | D:1      | 887 ||| DRINKING 2 clear potions.
   921 | D:2      | Reached XP level 3. HP: 18/23 MP: 3/3
  1398 | D:2      | 1398 ||| UPGRADING to +0 chain mail.
  1408 | D:2      | 1408 ||| DROPPING +0 scale mail.
  1409 | D:2      | 1409 ||| READING scroll labelled DUUWONK RUWYPP.
  1410 | D:2      | 1410 ||| READING scroll labelled MUCSOVIALA.
  1438 | D:3      | Found a sacrificial altar of Ru.
  1570 | D:3      | Identified the +6 spear of Internal Strife {heavy, rN+ MP+9
                  | Int+3}
  1685 | D:3      | Noticed Terence
  1696 | D:3      | Killed Terence
  1697 | D:3      | Reached skill level 4 in Axes
  1697 | D:3      | Reached XP level 4. HP: 28/28 MP: 4/4
  1713 | D:3      | Noticed Jessica
  1722 | D:3      | Killed Jessica
  1877 | D:3      | 1877 ||| Stepping ~*~*~tactically~*~*~ (hiding).
  1889 | D:3      | 1889 ||| Stepping ~*~*~tactically~*~*~ (hiding).
  2021 | D:3      | 2021 ||| Stepping ~*~*~tactically~*~*~ (hiding).
  2039 | D:3      | Reached XP level 5. HP: 16/32 MP: 5/5
  2702 | D:3      | 2702 ||| UPGRADING to +0 cloak.
  2747 | D:3      | 2747 ||| UPGRADING to amulet of guardian spirit.
  2752 | D:3      | 2752 ||| READING scroll labelled JEGUUC FAUVOSH.
  2753 | D:3      | 2753 ||| READING 3 scrolls labelled ZORUDI GAQ VIL.
  2754 | D:3      | 2754 ||| DROPPING 2 scrolls of poison.
  2776 | D:4      | Reached skill level 5 in Axes
  2791 | D:4      | 2791 ||| Stepping ~*~*~tactically~*~*~ (stealth).
  2887 | D:4      | Noticed a phantom
  2904 | D:4      | Killed a phantom
  2904 | D:4      | HP: 6/32 [iguana (9)]
  2905 | D:4      | Reached XP level 6. HP: 7/39 MP: 1/6
  2905 | D:4      | 2905 ||| READING scroll of teleportation.
  2913 | D:4      | HP: 7/39 [adder (2)]
  3080 | D:4      | Identified the +1 leather armour of Inference {*Slow Dex+5}
  3156 | D:4      | 3156 ||| READING scroll of enchant armour.
  3156 | D:4      | 3156 ||| ENCHANTING +0 cloak.
  3254 | D:4      | Found Peefisor's Armour Boutique.
  3259 | D:4      | 3259 ||| SHOPLISTING +0 pair of gloves of Depression {rF-
                  | Will+++ Str+3 Slay-3} (366 gold, have 193).
  3259 | D:4      | 3259 ||| SHOPLISTING +1 scale mail of cold resistance (224
                  | gold, have 193).
  3329 | D:4      | 3329 ||| Stepping ~*~*~tactically~*~*~ (hiding).
  3362 | D:4      | Reached skill level 6 in Axes
  3439 | D:4      | 3439 ||| DROPPING +0 club.
  3459 | D:4      | Reached XP level 7. HP: 42/44 MP: 5/7
  3484 | D:4      | 3484 ||| Stepping ~*~*~tactically~*~*~ (hiding).
  3485 | D:4      | 3485 ||| Stepping ~*~*~tactically~*~*~ (hiding).
  3490 | D:4      | Reached skill level 1 in Dodging
  3623 | D:4      | 3623 ||| Stepping ~*~*~tactically~*~*~ (stealth).
  3678 | D:4      | Noticed Eustachio
  3681 | D:4      | 3681 ||| Stepping ~*~*~tactically~*~*~ (stealth).
  3715 | D:4      | HP: 8/44 [river rat[Eustachio] (6)]
  3717 | D:4      | Killed Eustachio
  3947 | D:4      | 3947 ||| DRINKING 2 fizzy orange potions.
  3948 | D:4      | 3948 ||| DRINKING 2 coppery potions.
  3949 | D:4      | 3949 ||| READING 2 scrolls of identify.
  3949 | D:4      | 3949 ||| IDENTIFYING cyan potion
  3950 | D:4      | 3950 ||| DROPPING potion of flight.
  3951 | D:4      | 3951 ||| DROPPING potion of brilliance.
  3952 | D:4      | 3952 ||| DROPPING potion of degeneration.
  3974 | D:5      | Entered Level 5 of the Dungeon
  3994 | D:5      | 3994 ||| Stepping ~*~*~tactically~*~*~ (stealth).
  4012 | D:5      | Reached skill level 7 in Axes
  4049 | D:5      | 4049 ||| READING scroll of enchant armour.
  4049 | D:5      | 4049 ||| ENCHANTING +1 cloak.
  4154 | D:5      | Reached XP level 8. HP: 32/49 MP: 5/8
  4446 | D:5      | Reached skill level 8 in Axes
  4523 | D:5      | 4523 ||| DROPPING +0 whip.
  4740 | D:5      | 4740 ||| READING scroll labelled GUMO YNEOKAR.
  4741 | D:5      | 4741 ||| READING 3 scrolls of identify.
  4741 | D:5      | 4741 ||| IDENTIFYING yellow potion
  4742 | D:5      | 4742 ||| READING 2 scrolls of identify.
  4742 | D:5      | 4742 ||| IDENTIFYING brown potion
  4743 | D:5      | 4743 ||| DROPPING potion of ambrosia.
  4802 | D:6      | Reached skill level 6 in Fighting
  5161 | D:6      | Found Vionailo's General Store.
  5169 | D:6      | 5169 ||| BUYING +2 hat (192 gold).
  5169 | D:6      | Bought a +2 hat for 192 gold pieces
  5169 | D:6      | 5169 ||| SHOPLISTING 2 scrolls of enchant weapon (180 gold,
                  | have 128).
  5169 | D:6      | 5169 ||| BUYING potion of lignification (36 gold).
  5169 | D:6      | Bought a potion of lignification for 36 gold pieces
  5169 | D:6      | 5169 ||| SHOPLISTING potion of resistance (120 gold, have
                  | 92).
  5439 | D:6      | Reached XP level 9. HP: 50/56 MP: 9/9
  5448 | D:6      | Reached skill level 9 in Axes
  5667 | D:6      | 5667 ||| UPGRADING to +2 hat.
  5672 | D:6      | 5672 ||| UPGRADING to +2 buckler.
  5682 | D:6      | 5682 ||| DROPPING +0 buckler.
  5683 | D:6      | 5683 ||| READING scroll labelled MIRUEB GOME.
  5717 | D:6      | 5717 ||| DRINKING 2 pink potions.
  5718 | D:6      | 5718 ||| READING 2 scrolls of identify.
  5718 | D:6      | 5718 ||| IDENTIFYING inky potion
  5792 | D:7      | 5792 ||| PLANNING OSSUARY
  5859 | D:7      | Found a staircase to the Ecumenical Temple.
  6040 | D:7      | 6040 ||| Stepping ~*~*~tactically~*~*~ (hiding).
  6254 | D:7      | Found a sand-covered staircase.
  6255 | D:7      | 6255 ||| DRINKING 2 fizzy pink potions.
  6270 | Ossuary  | Entered an ossuary
  6495 | Ossuary  | 6495 ||| READING 2 scrolls labelled MIXZOI IQOTZ.
  6496 | Ossuary  | 6496 ||| DROPPING scroll of fog.
  6516 | D:7      | 6516 ||| PLANNING TEMPLE
  6539 | Temple   | Entered the Ecumenical Temple
  6548 | Temple   | 6548 ||| PLANNING OKAWARU WORSHIP
  6714 | Temple   | Became a worshipper of Warmaster Okawaru
  6714 | Temple   | 6714 ||| PLANNING D:1-11
  6715 | Temple   | 6715 ||| REMOVING amulet of guardian spirit.
  6720 | Temple   | 6720 ||| DROPPING amulet of guardian spirit.
  7280 | D:8      | Noticed a hornet
  7292 | D:8      | Killed a hornet
  7293 | D:8      | Reached skill level 10 in Axes
  7324 | D:8      | 7324 ||| SWAPPING to +0 broad axe.
  7325 | D:8      | 7325 ||| DROPPING +0 war axe.
  7400 | D:8      | 7400 ||| Stepping ~*~*~tactically~*~*~ (stealth).
  7412 | D:8      | Reached skill level 1 in Throwing
  7416 | D:8      | Reached * piety under Okawaru
  7418 | D:8      | 7418 ||| INVOKING Heroism.
  7423 | D:8      | 7423 ||| Stepping ~*~*~tactically~*~*~ (stealth).
  7432 | D:8      | 7432 ||| Stepping ~*~*~tactically~*~*~ (stealth).
  7507 | D:8      | 7507 ||| Stepping ~*~*~tactically~*~*~ (hiding).
  7594 | D:8      | Reached skill level 1 in Invocations
  7594 | D:8      | Reached XP level 10. HP: 62/63 MP: 10/10
  7603 | D:8      | 7603 ||| INVOKING Heroism.
  7960 | D:8      | 7960 ||| Stepping ~*~*~tactically~*~*~ (stealth).
  7963 | D:8      | 7963 ||| Stepping ~*~*~tactically~*~*~ (hiding).
  8092 | D:8      | 8092 ||| INVOKING Heroism.
  8098 | D:8      | Found a staircase to the Lair.
  8282 | D:8      | Found Naxzou's Assorted Antiques.
  8294 | D:8      | 8294 ||| BUYING morningstar (116 gold).
  8294 | D:8      | Bought a morningstar for 116 gold pieces
  8294 | D:8      | 8294 ||| BUYING scroll of identify (58 gold).
  8294 | D:8      | Bought a scroll of identify for 58 gold pieces
  8294 | D:8      | 8294 ||| BUYING white potion (26 gold).
  8294 | D:8      | Bought a white potion for 26 gold pieces
  8294 | D:8      | 8294 ||| DROPPING +0 flail.
  8316 | D:8      | 8316 ||| PLANNING LAIR
  8316 | D:8      | 8316 ||| UPGRADING to +5 ring of evasion.
  8317 | D:8      | 8317 ||| READING scroll labelled RYCELO DIZIQUY.
  8318 | D:8      | 8318 ||| READING 7 scrolls of identify.
  8318 | D:8      | 8318 ||| IDENTIFYING white potion
  8319 | D:8      | 8319 ||| DROPPING potion of invisibility.
  8336 | Lair:1   | Entered Level 1 of the Lair of Beasts
  8337 | Lair:1   | 8337 ||| INVOKING Heroism.
  8382 | Lair:1   | 8382 ||| Stepping ~*~*~tactically~*~*~ (stealth).
  8384 | Lair:1   | Noticed a cane toad
  8385 | Lair:1   | 8385 ||| INVOKING Heroism.
  8388 | Lair:1   | Killed a cane toad
  8404 | Lair:1   | 8404 ||| Stepping ~*~*~tactically~*~*~ (stealth).
  8405 | Lair:1   | 8405 ||| Stepping ~*~*~tactically~*~*~ (stealth).
  8407 | Lair:1   | Noticed an elephant
  8411 | Lair:1   | Noticed an elephant
  8418 | Lair:1   | Noticed a catoblepas
  8419 | Lair:1   | 8419 ||| INVOKING Heroism.
  8430 | Lair:1   | Killed an elephant
  8431 | Lair:1   | Reached skill level 3 in Invocations
  8435 | Lair:1   | Killed an elephant
  8437 | Lair:1   | 8437 ||| INVOKING Heroism.
  8440 | Lair:1   | Killed a catoblepas
  8440 | Lair:1   | Reached ** piety under Okawaru
  8441 | Lair:1   | Reached skill level 11 in Axes
  8532 | Lair:1   | Noticed an elephant
  8533 | Lair:1   | 8533 ||| Stepping ~*~*~tactically~*~*~ (stealth).
  8534 | Lair:1   | 8534 ||| Stepping ~*~*~tactically~*~*~ (stealth).
  8541 | Lair:1   | 8541 ||| INVOKING Heroism.
  8546 | Lair:1   | Killed an elephant
  8726 | Lair:1   | Noticed a cane toad
  8727 | Lair:1   | 8727 ||| INVOKING Heroism.
  8734 | Lair:1   | Killed a cane toad
  8735 | Lair:1   | Reached XP level 11. HP: 66/69 MP: 11/14
  8744 | Lair:1   | Reached skill level 9 in Fighting
  8856 | Lair:1   | Noticed Grum
  8857 | Lair:1   | 8857 ||| Stepping ~*~*~tactically~*~*~ (hiding).
  8859 | Lair:1   | 8859 ||| INVOKING Heroism.
  8861 | Lair:1   | 8861 ||| Stepping ~*~*~tactically~*~*~ (stealth).
  8866 | Lair:1   | Reached skill level 6 in Armour
  8869 | Lair:1   | Killed Grum
  8975 | Lair:1   | 8975 ||| INVOKING Heroism.
  9201 | Lair:1   | 9201 ||| INVOKING Heroism.
  9308 | Lair:1   | 9308 ||| Stepping ~*~*~tactically~*~*~ (stealth).
  9310 | Lair:1   | 9310 ||| Stepping ~*~*~tactically~*~*~ (stealth).
  9330 | Lair:1   | 9330 ||| INVOKING Heroism.
  9541 | Lair:1   | Reached skill level 12 in Axes
  9739 | Lair:1   | 9739 ||| UPGRADING to +0 plate armour.
  9749 | Lair:1   | 9749 ||| DROPPING +0 chain mail.
  9750 | Lair:1   | 9750 ||| DROPPING +2 robe of resistance.
  9751 | Lair:1   | 9751 ||| UPGRADING to +0 pair of gloves.
  9756 | Lair:1   | 9756 ||| READING 2 scrolls of enchant armour.
  9756 | Lair:1   | 9756 ||| ENCHANTING +0 pair of gloves.
  9757 | Lair:1   | 9757 ||| READING scroll of enchant armour.
  9757 | Lair:1   | 9757 ||| ENCHANTING +1 pair of gloves.
  9758 | Lair:1   | 9758 ||| READING scroll labelled EPNAUF FERAO.
  9910 | Lair:2   | 9910 ||| INVOKING Heroism.
  9926 | Lair:2   | 9926 ||| Stepping ~*~*~tactically~*~*~ (stealth).
 10084 | Lair:2   | 10084 ||| INVOKING Heroism.
 10279 | Lair:2   | 10279 ||| INVOKING Heroism.
 10340 | Lair:2   | 10340 ||| INVOKING Heroism.
 10356 | Lair:2   | Reached skill level 6 in Shields
 10469 | Lair:2   | 10469 ||| INVOKING Heroism.
 10720 | Lair:2   | 10720 ||| INVOKING Heroism.
 10825 | Lair:2   | Reached skill level 9 in Armour
 10826 | Lair:2   | 10826 ||| INVOKING Heroism.
 11106 | Lair:2   | 11106 ||| Stepping ~*~*~tactically~*~*~ (stealth).
 11109 | Lair:2   | 11109 ||| Stepping ~*~*~tactically~*~*~ (stealth).
 11238 | Lair:2   | 11238 ||| DROPPING +0 chain mail of positive energy.
 11239 | Lair:2   | 11239 ||| READING scroll labelled BYHOIV YROA.
 11240 | Lair:2   | 11240 ||| READING 8 scrolls of identify.
 11240 | Lair:2   | 11240 ||| IDENTIFYING viscous golden potion
 11257 | Lair:3   | 11257 ||| INVOKING Heroism.
 11278 | Lair:3   | Reached *** piety under Okawaru
 11330 | Lair:3   | 11330 ||| INVOKING Heroism.
 11408 | Lair:3   | Reached XP level 12. HP: 74/77 MP: 15/15
 11413 | Lair:3   | 11413 ||| INVOKING Heroism.
 11452 | Lair:3   | 11452 ||| Stepping ~*~*~tactically~*~*~ (stealth).
 11462 | Lair:3   | 11462 ||| Stepping ~*~*~tactically~*~*~ (stealth).
 11463 | Lair:3   | 11463 ||| INVOKING Heroism.
 11464 | Lair:3   | 11464 ||| Stepping ~*~*~tactically~*~*~ (stealth).
 11502 | Lair:3   | 11502 ||| Stepping ~*~*~tactically~*~*~ (stealth).
 11505 | Lair:3   | 11505 ||| INVOKING Heroism.
 11522 | Lair:3   | 11522 ||| INVOKING Heroism.
 11530 | Lair:3   | Reached skill level 13 in Axes
 11692 | Lair:3   | 11692 ||| INVOKING Heroism.
 11738 | Lair:3   | 11738 ||| INVOKING Heroism.
 11768 | Lair:3   | 11768 ||| Stepping ~*~*~tactically~*~*~ (stealth).
 11780 | Lair:3   | 11780 ||| Stepping ~*~*~tactically~*~*~ (stealth).
 11782 | Lair:3   | 11782 ||| Stepping ~*~*~tactically~*~*~ (stealth).
 11789 | Lair:3   | 11789 ||| Stepping ~*~*~tactically~*~*~ (stealth).
 11798 | Lair:3   | 11798 ||| Stepping ~*~*~tactically~*~*~ (stealth).
 11886 | Lair:3   | 11886 ||| Stepping ~*~*~tactically~*~*~ (stealth).
 11890 | Lair:3   | 11890 ||| Stepping ~*~*~tactically~*~*~ (stealth).
 12194 | Lair:3   | 12194 ||| INVOKING Heroism.
 12199 | Lair:3   | Noticed a death yak
 12216 | Lair:3   | 12216 ||| INVOKING Heroism.
 12222 | Lair:3   | Killed a death yak
 12235 | Lair:3   | 12235 ||| Stepping ~*~*~tactically~*~*~ (stealth).
 12241 | Lair:3   | 12241 ||| Stepping ~*~*~tactically~*~*~ (stealth).
 12250 | Lair:3   | 12250 ||| Stepping ~*~*~tactically~*~*~ (stealth).
 12281 | Lair:3   | 12281 ||| Stepping ~*~*~tactically~*~*~ (stealth).
 12290 | Lair:3   | Reached skill level 14 in Axes
 12312 | Lair:3   | Reached **** piety under Okawaru
 12383 | Lair:3   | Received a gift from Okawaru
 12397 | Lair:3   | 12397 ||| Stepping ~*~*~tactically~*~*~ (stealth).
 12537 | Lair:3   | 12537 ||| Stepping ~*~*~tactically~*~*~ (stealth).
 12663 | Lair:3   | 12663 ||| INVOKING Heroism.
 12673 | Lair:3   | Noticed a four-headed hydra
 12675 | Lair:3   | Noticed a four-headed hydra
 12678 | Lair:3   | 12678 ||| SWAPPING to +0 morningstar.
 12695 | Lair:3   | 12695 ||| INVOKING Heroism.
 12696 | Lair:3   | HP: 16/78 [four-headed hydra (5)]
 12696 | Lair:3   | Slain by a four-headed hydra

Levels and vault maps discovered:
D:1:      lemuel_arrival_cross, layout_loops_ring,
          ebering_ecumenical_altar_petrified
D:2:      layout_basic, hangedman_feature_mirror, minivault_24,
          minmay_misc_feat_ornament
D:3:      layout_basic, mainiacjoe_overflow_concentric_impassable,
          hangedman_decor_diamond_cutter, kennysheep_generic_room_14,
          uniq_terence, uniq_jessica
D:4:      layout_basic, serial_shops, shop, guppyfry_early_lair_pool,
          uniq_eustachio
D:5:      layout_gridville, minmay_misc_feat_room
D:6:      layout_basic, serial_shops, shop
D:7:      layout_basic, minmay_temple_entry_offerings, enter_ossuary_4,
          enter_bailey_7, serial_bayou_lagoon_a
D:8:      layout_gridville, lair_entry_dummy, serial_shops, shop
Temple:   nicolae_temple_bog_church
Lair:1:   layout_cave_pods, lemuel_fruit_fields, uniq_grum
Lair:2:   layout_regular_city, grunt_megastairs_4
Lair:3:   regret_index_tunnel_blossom, layout_layer_cave,
          palyth_hydra_swamp_entry, nicolae_spider_entry_orb_guardian,
          infiniplex_staircase_pool

Skill      XL: |  1  2  3  4  5  6  7  8  9 10 11 12 |
---------------+-------------------------------------+-----
Axes           | 2 3 4 5 6 7 8 10 11 12 14 | 14.0
Fighting       | 4 5 6 7 8 10 | 10.4
Dodging        | 1 2 |  2.4
Armour         | 4 5 9 |  9.0
Shields        | 4 5 6 |  6.7
Throwing       | 1 2 |  2.5
Invocations    | 1 4 5 |  5.5

Action                     |  1- 3 |  4- 6 |  7- 9 | 10-12 || total
---------------------------+-------+-------+-------+-------++-------
  Melee: War axe           |   102 |   148 |   384 |       ||   634
         Broad axe         |       |       |    33 |   660 ||   693
         Morningstar       |       |       |       |    17 ||    17
  Throw: Boomerang         |       |       |     5 |    84 ||    89
 Invoke: Heroism           |       |       |     1 |    31 ||    32
    Use: Scroll            |     7 |     4 |     8 |     7 ||    26
         Potion            |     1 |       |     4 |       ||     5
 Armour: Scale mail        |    35 |       |       |       ||    35
         Chain mail        |    15 |    78 |   361 |   104 ||   558
         Plate armour      |       |       |       |   208 ||   208
  Dodge: Dodged            |    37 |    57 |   224 |   389 ||   707
  Block: Buckler           |    11 |    31 |   110 |   270 ||   422

Table legend:
 A = Non-vault XP
 B = Vault XP
 C = Vault XP percentage of total XP
 D = Non-vault monster count
 E = Vault monster count
 F = Vault count percentage of total count
                 A         B        C        D         E       F
            +---------+---------+-------+---------+---------+-------
      Total |   18982 |   10770 |  36.2 |     223 |      90 |  28.8
            +---------+---------+-------+---------+---------+-------
        D:1 |      30 |       0 |   0.0 |      19 |       0 |   0.0
        D:2 |      41 |       0 |   0.0 |      11 |       0 |   0.0
        D:3 |      74 |      74 |  50.0 |      14 |       3 |  17.6
        D:4 |     450 |     227 |  33.5 |      31 |       4 |  11.4
        D:5 |     823 |       0 |   0.0 |      18 |       0 |   0.0
        D:6 |     904 |       0 |   0.0 |      17 |       0 |   0.0
        D:7 |     777 |      60 |   7.2 |      19 |       6 |  24.0
        D:8 |    1821 |       0 |   0.0 |      31 |       0 |   0.0
     Lair:1 |    5899 |     409 |   6.5 |      26 |       3 |  10.3
     Lair:2 |    4250 |     834 |  16.4 |      19 |       5 |  20.8
     Lair:3 |    3913 |    9014 |  69.7 |      18 |      53 |  74.6
    Ossuary |       0 |     152 | 100.0 |       0 |      16 | 100.0
            +---------+---------+-------+---------+---------+-------
